 Dungeon Crawl Stone Soup version 0.22.0-36-g8e74550d25 (webtiles) character file.

13946 Esekla the Slicer (level 12, -1/60 HPs)
             Began as a Vine Stalker Conjurer on Aug 25, 2018.
             Was a High Priest of Vehumet.
             Slain by an orc warrior
             ... wielding a +0 glaive
              (22 damage)
             ... on level 2 of the Orcish Mines.
             The game lasted 03:32:49 (11828 turns).

Esekla the Slicer (Vine Stalker Conjurer)          Turns: 11828, Time: 03:32:50

Health: -1/60      AC: 14    Str: 12    XL:     12   Next: 11%
Magic:  0/32       EV: 17    Int: 19    God:    Vehumet [*****.]
Gold:   1222       SH:  0    Dex: 17    Spells: 9/24 levels left

rFire    . . .     SeeInvis .   Z - +9 falchion (protect)
rCold    . . .     Gourm    .   (no shield)
rNeg     . . .     Faith    .   I - +1 troll leather armour
rPois    +         Spirit   +   u - +2 hat
rElec    .         Reflect  .   (no cloak)
rCorr    .         Harm     .   w - +1 pair of gloves
MR       ++...     Clarity  +   (no boots)
Stlth    ++........             D - amulet of regeneration
HPRegen  1.80/turn              H - ring of the Shining Light {rPois MR+ MP+9}
MPRegen  0.23/turn              K - +2 ring of evasion

@: corroded, protection aura
A: fangs 3, icy blue scales 1, blink, clarity, regeneration 2, strong 1, magic
shield, antimagic bite, no potion heal 3, rot immunity
a: Blink, Renounce Religion


You were on level 2 of the Orcish Mines.
You worshipped Vehumet.
Vehumet was extremely pleased with you.
You were not hungry.

You visited 2 branches of the dungeon, and saw 12 of its levels.
You also visited: Ossuary.

You collected 1590 gold pieces.
You spent 368 gold pieces at shops.

Inventory:

Hand Weapons
 d - a +1 dagger of venom
 j - a cursed -2 dagger
 y - a +3 trident of freezing
 C - a +1 scimitar of holy wrath
 E - a +3 war axe
 G - a +0 dagger of protection
 M - a +4 trident
 Y - a +2 dagger of venom
 Z - a +9 falchion of protection (weapon)
Missiles
 U - 22 tomahawks (quivered)
 X - 3 tomahawks of returning
Armour
 s - a +1 leather armour of poison resistance
 t - a +2 robe of positive energy
 u - a +2 hat (worn)
 w - a +1 pair of gloves (worn)
 I - a +1 troll leather armour (worn)
 V - a +3 leather armour
Jewellery
 b - an uncursed ring of teleportation
 i - an uncursed ring of positive energy
 x - an uncursed amulet of rage
 D - an amulet of regeneration (around neck)
 F - an uncursed ring of see invisible
 H - the ring of the Shining Light (left hand) {rPois MR+ MP+9}
   (You bought it in a shop on level 4 of the Dungeon)

   [ring of magical power]

   It protects you from poison.
   It affects your resistance to hostile enchantments.
   It affects your magic capacity (+9).
 J - a +3 ring of strength
 K - a +2 ring of evasion (right hand)
 S - an uncursed ring of protection from cold
Wands
 e - a wand of disintegration (12)
 n - a wand of clouds (10)
 q - a wand of paralysis (11)
 P - a wand of scattershot (5)
 Q - a wand of flame (22)
 T - a wand of polymorph (16)
 W - a wand of enslavement (14)
Scrolls
 f - 2 scrolls of noise
 l - 2 scrolls of immolation
 m - 3 scrolls of remove curse
 r - 3 scrolls of teleportation
 B - 3 scrolls of blinking
 O - a scroll of amnesia
Potions
 a - 2 potions of resistance
 g - a potion of flight
 h - 2 potions of mutation
 k - 4 potions of curing
 o - 2 potions of ambrosia
 p - 2 potions of lignification
 v - a potion of degeneration {unknown}
 z - 3 potions of brilliance
 A - 2 potions of might
 L - a potion of haste
 N - a potion of magic
 R - a potion of cancellation
Comestibles
 c - 9 rations


   Skills:
 - Level 5.3 Fighting
 + Level 8.5(9.6) Short Blades
 * Level 7.1(9.0) Long Blades
 - Level 2.2 Armour
 + Level 5.8 Dodging
 - Level 2.4 Stealth
 + Level 6.8 Spellcasting
 + Level 6.7 Conjurations
 + Level 1.7 Hexes
 + Level 4.8 Air Magic
 * Level 2.6 Earth Magic
 + Level 4.9 Poison Magic


You had 9 spell levels left.
You knew the following spells:

 Your Spells              Type           Power        Failure   Level  Hunger
a - Magic Dart            Conj           ####         1%          1    None
b - Searing Ray           Conj           ####..       1%          2    None
c - Mephitic Cloud        Conj/Pois/Air  ####....     1%          3    #......
d - Dazzling Spray        Conj/Hex       ###...       1%          3    #......
e - Iron Shot             Conj/Erth      ###.......   54%         6    ######.

Your spell library contained the following spells:

 Spells                   Type           Power        Failure   Level  Hunger
 Conjure Flame            Conj/Fire      ###.....     2%          3    #......
 Iskenderun's Mystic Bla  Conj           ####....     2%          4    ###....
 Fulminant Prism          Conj/Hex       ###.......   6%          4    ###....
 Force Lance              Conj/Tloc      ###.....     9%          4    ###....
 Slow                     Hex            ##......     10%         2    None
 Blink                    Tloc           N/A          21%         2    None
 Call Imp                 Summ           #.......     21%         2    None


Dungeon Overview and Level Annotations

Branches:
Dungeon (10/15)            Temple (0/1) D:6             Orc (2/2) D:9
    Elf (0/3) Orc:2
   Lair: D:8-11

Altars:
Ashenzari
Cheibriados
Hepliaklqana
Kikubaaqudgha
Nemelex Xobeh
Okawaru
Qazlal
Ru
Sif Muna
Trog
Uskayaw
Vehumet
Wu Jian
Zin

Shops:
D:4 }=*%   D:10 ?

Annotations:
D:7 Harold, Joseph


Innate Abilities, Weirdness & Mutations

You have razor-sharp teeth.
You heal very quickly.
When hurt, damage is shared between your health and your magic reserves.
Your bite disrupts and absorbs the magic of your enemies.
Potions cannot restore your health.
You are immune to rotting.
You are partially covered in icy blue scales. (AC +2)
You can translocate small distances at will.
You possess an exceptional clarity of mind.
Your muscles are strong. (Str +2)


Message History

You riposte.
You barely miss the orc warrior. Your bite misses the orc warrior.
The orc warrior is almost dead.
You closely miss the orc warrior. You bite the orc warrior.
You kill the orc warrior!
Vehumet accepts your kill.
You feel your power returning. The orc warrior closely misses you.
The orc knight closely misses you.
The orange demon is engulfed in noxious fumes.
The orange demon appears confused.
The orange demon barely misses the orc warrior.
The orange demon hits the orc warrior.
The orc warrior laughs at nothing.
The orc warrior hits you with a glaive!!
The orc knight hits you with a dire flail.
The orange demon stings the orc warrior but does no damage.
The orange demon closely misses the orc warrior.
The orange demon disappears in a puff of smoke!
The orc high priest is engulfed in noxious fumes.
The orc warrior hits you from afar with a glaive!!
You die...

# ###....###...#.... ##
##.......#.....#... .#
#.)................ ##
###)#............... #######
##.).))...)..)....... ##.....###
#.........#.......#..
.........####...))...##..).[.)...
...........##...#.....##.).)....#
............#o))@......##))##....
#.#o#.#.#.#.#§o.o...).....)###.).
).)....o......o.........#..#####)
......oo......§§.............###.
............3...o.......##....###
#.#.#.#.#.#.#.........#.##...## #
............#............##.##
...........##..#....#.#.##...#
.........####.###....######.##


You could see an orc knight, an orc high priest (confused), a ynoxinul, 2 orc
warriors and an orc.

Vanquished Creatures
  An orc warlord (Orc:2)
  3 two-headed ogres
  3 orc knights
  2 trolls
  Sigmund (D:5)
  6 yaks (D:10)
  A wyvern (D:5)
  A hungry ghost (D:9)
  2 wargs (Orc:2)
  A water moccasin (D:7)
  23 orc warriors
  3 phantoms
  2 centaurs
  9 ogres
  A big kobold (D:10)
  A bullfrog (D:7)
  12 scorpions
  9 wights
  A bullfrog zombie (D:7)
  2 crimson imps
  2 jellies
  8 centaur zombies
  4 hounds
  20 orc priests
  3 centaur skeletons
  4 bullfrog skeletons
  13 orc wizards
  A human zombie (Ossuary)
  3 iguanas
  Ijyb (D:3)
  7 worker ants
  2 big kobold zombies (Ossuary)
  A hound zombie (D:7)
  2 mummies (Ossuary)
  A worker ant zombie (D:6)
  4 gnolls (D:7)
  A howler monkey skeleton (D:5)
  4 scorpion zombies (Ossuary)
  9 adders
  2 shadow imps
  12 white imps (Orc:1)
  An ooze (D:5)
  2 adder skeletons
  2 worms (D:6)
  4 leopard geckos
  103 orcs
  A ball python (D:1)
  6 giant cockroaches
  2 gnoll zombies (Ossuary)
  7 hobgoblins
  10 jackals
  3 quokkas
  4 bats
  10 frilled lizards
  9 goblins
  2 goblin zombies (Ossuary)
  2 hobgoblin zombies (Ossuary)
  11 kobolds
  A kobold zombie (Ossuary)
  A leopard gecko skeleton (D:7)
  A leopard gecko zombie (D:8)
  An orc zombie (Ossuary)
  13 rats
384 creatures vanquished.

Vanquished Creatures (others)
  A scorpion (Ossuary)
  2 orc wizards
  A mummy (Ossuary)
4 creatures vanquished.

Grand Total: 388 creatures vanquished

Notes
Turn   | Place    | Note
-------+----------+-------------------------------------------
     0 | D:1      | Esekla the Vine Stalker Conjurer began the quest for the Orb.
     0 | D:1      | Reached XP level 1. HP: 9/9 MP: 4/4
   146 | D:1      | Reached skill level 1 in Fighting
   201 | D:1      | Reached XP level 2. HP: 14/14 MP: 6/6
   206 | D:1      | Learned a level 2 spell: Searing Ray
   480 | D:1      | Reached XP level 3. HP: 18/18 MP: 4/7
   755 | D:2      | Learned a level 3 spell: Dazzling Spray
  1194 | D:3      | Reached skill level 1 in Short Blades
  1243 | D:2      | Gained mutation: Your natural rate of healing is unusually fast. [Vine Stalker growth]
  1243 | D:2      | Reached XP level 4. HP: 21/23 MP: 1/8
  1429 | D:2      | Reached skill level 1 in Hexes
  1746 | D:3      | Noticed Ijyb
  1770 | D:3      | Killed Ijyb
  1770 | D:3      | Reached XP level 5. HP: 22/26 MP: 3/9
  1849 | D:3      | Found a hazy altar of Hepliaklqana.
  1851 | D:3      | Found an ancient bone altar of Kikubaaqudgha.
  1852 | D:3      | Found a glowing silver altar of Zin.
  1856 | D:3      | Found a stormy altar of Qazlal.
  1986 | D:3      | Found a sparkling altar of Nemelex Xobeh.
  2021 | D:3      | Gained mutation: You can translocate small distances at will. [potion of mutation]
  2021 | D:3      | Gained mutation: Your muscles are strong. (Str +2) [potion of mutation]
  2068 | D:3      | Reached skill level 2 in Short Blades
  2147 | D:3      | Found a bloodstained altar of Trog.
  2182 | D:4      | Noticed an ogre
  2189 | D:4      | Killed an ogre
  2189 | D:4      | Reached skill level 1 in Armour
  2189 | D:4      | Reached XP level 6. HP: 30/30 MP: 4/11
  2331 | D:4      | Found Kenymn's Food Boutique.
  2357 | D:4      | Found an ornate altar of the Wu Jian Council.
  2479 | D:4      | Found Lisa's General Store.
  2480 | D:4      | Found Wowuysh's Jewellery Shop.
  2602 | D:4      | Found a sacrificial altar of Ru.
  2604 | D:4      | Found a radiant altar of Vehumet.
  2612 | D:4      | Became a worshipper of Vehumet
  2836 | D:4      | Found Tiraluu's Gadget Boutique.
  3179 | D:4      | Reached skill level 3 in Short Blades
  3179 | D:4      | Reached XP level 7. HP: 26/35 MP: 5/12
  3560 | D:5      | Entered Level 5 of the Dungeon
  3837 | D:5      | Noticed Sigmund
  3854 | D:5      | Killed Sigmund
  3854 | D:5      | Reached skill level 4 in Short Blades
  3854 | D:5      | Gained mutation: You have razor-sharp teeth. [Vine Stalker growth]
  3854 | D:5      | Reached XP level 8. HP: 30/39 MP: 8/14
  3922 | D:5      | Noticed a wyvern
  3947 | D:5      | Killed a wyvern
  4072 | D:6      | Reached skill level 5 in Short Blades
  4093 | D:6      | Reached * piety under Vehumet
  4093 | D:6      | Offered knowledge of Shock by Vehumet.
  4152 | D:6      | Found a sand-covered staircase.
  4160 | Ossuary  | Entered an ossuary
  4204 | Ossuary  | Lost mutation: Your muscles are strong. (Str +2) [potion of mutation]
  4204 | Ossuary  | Gained mutation: You are partially covered in icy blue scales. (AC +2) [potion of mutation]
  4204 | Ossuary  | Gained mutation: You possess an exceptional clarity of mind. [potion of mutation]
  4204 | Ossuary  | Gained mutation: Your muscles are strong. (Str +2) [potion of mutation]
  4756 | Ossuary  | Reached skill level 6 in Short Blades
  4809 | Ossuary  | Reached skill level 5 in Conjurations
  4811 | Ossuary  | Reached XP level 9. HP: 44/44 MP: 9/17
  5587 | D:5      | Reached ** piety under Vehumet
  5587 | D:5      | Offered knowledge of Flame Tongue by Vehumet.
  5651 | D:4      | Bought the ring of the Shining Light {rPois MR+ MP+9} for 368 gold pieces
  5737 | D:6      | Learned a level 3 spell: Mephitic Cloud
  5744 | D:6      | Found a staircase to the Ecumenical Temple.
  5770 | D:6      | Reached skill level 5 in Spellcasting
  6062 | D:6      | Found an iron altar of Okawaru.
  6212 | D:6      | Found a snail-covered altar of Cheibriados.
  6488 | D:7      | Found a hide-covered altar of Uskayaw.
  6731 | D:7      | Noticed Joseph
  6750 | D:7      | Noticed Harold
  7050 | D:7      | Reached skill level 1 in Air Magic
  7050 | D:7      | Reached skill level 1 in Poison Magic
  7121 | D:7      | Reached skill level 7 in Short Blades
  7555 | D:8      | Noticed a two-headed ogre
  7567 | D:8      | Killed a two-headed ogre
  7567 | D:8      | Reached XP level 10. HP: 27/51 MP: 8/19
  7647 | D:8      | Found a deep blue altar of Sif Muna.
  7671 | D:8      | Offered knowledge of Throw Frost by Vehumet.
  8250 | D:8      | Learned a level 1 spell: Magic Dart
  8368 | D:9      | Found a shattered altar of Ashenzari.
  8484 | D:9      | Reached *** piety under Vehumet
  8547 | D:9      | Found a staircase to the Orcish Mines.
  8625 | D:9      | Offered knowledge of Olgreb's Toxic Radiance by Vehumet.
  9060 | D:10     | Entered Level 10 of the Dungeon
  9095 | D:10     | Noticed a two-headed ogre
  9114 | D:10     | Killed a two-headed ogre
  9128 | D:10     | Reached **** piety under Vehumet
  9143 | D:10     | Reached skill level 8 in Short Blades
  9163 | D:10     | Offered knowledge of Ignite Poison by Vehumet.
  9195 | D:10     | Reached skill level 5 in Dodging
  9461 | D:10     | Reached skill level 1 in Long Blades
  9626 | D:10     | Noticed a two-headed ogre
  9648 | D:10     | Killed a two-headed ogre
  9648 | D:10     | Reached skill level 5 in Fighting
  9648 | D:10     | Reached XP level 11. HP: 51/55 MP: 19/21
  9683 | D:10     | Found Imeam's Magic Scroll Shop.
  9830 | Orc:1    | Entered Level 1 of the Orcish Mines
  9925 | Orc:1    | Reached ***** piety under Vehumet
 10102 | Orc:1    | Noticed an orc knight
 10348 | D:9      | Killed an orc knight
 10455 | Orc:1    | Offered knowledge of Iron Shot by Vehumet.
 10464 | Orc:1    | Learned a level 6 spell: Iron Shot
 10671 | Orc:2    | Entered Level 2 of the Orcish Mines
 10811 | Orc:2    | Noticed an orc warlord
 10898 | Orc:2    | Reached skill level 5 in Long Blades
 10906 | Orc:2    | Found a staircase to the Elven Halls.
 11094 | Orc:2    | Killed an orc warlord
 11094 | Orc:2    | Reached skill level 1 in Earth Magic
 11575 | Orc:2    | Noticed an orc knight
 11631 | Orc:2    | Killed an orc knight
 11631 | Orc:2    | Gained mutation: You heal very quickly. [Vine Stalker growth]
 11631 | Orc:2    | Reached XP level 12. HP: 48/60 MP: 13/23
 11794 | Orc:2    | Noticed an orc high priest
 11797 | Orc:2    | Noticed an orc high priest
 11828 | Orc:2    | Slain by an orc warrior

Skill      XL: |  1  2  3  4  5  6  7  8  9 10 11 12 |
---------------+-------------------------------------+-----
Fighting       | 1 2 3 4 5 |  5.3
Dodging        | 2 3 4 5 |  5.8
Short Blades   | 1 2 3 4 6 7 8 |  8.5
Hexes          | 1 |  1.7
Armour         | 1 2 |  2.2
Spellcasting   | 3 4 5 6 |  6.8
Conjurations   | 5 6 |  6.7
Air Magic      | 2 4 |  4.8
Poison Magic   | 2 4 |  4.9
Long Blades    | 2 6 7 |  7.1
Earth Magic    | 2 |  2.6
Stealth        | |  2.4

Action                   |  1- 3 |  4- 6 |  7- 9 | 10-12 || total
-------------------------+-------+-------+-------+-------++-------
Melee: Dagger            |    45 |   121 |   331 |   191 ||   688
       Unarmed           |     2 |       |       |       ||     2
       Bite              |     8 |    24 |   124 |   210 ||   366
       Falchion          |       |       |       |   349 ||   349
Throw: Tomahawk          |     4 |     5 |     5 |    23 ||    37
 Cast: Magic Dart        |    27 |    30 |    58 |    31 ||   146
       Searing Ray       |     7 |    14 |    51 |    45 ||   117
       Dazzling Spray    |       |     2 |     9 |    22 ||    33
       Mephitic Cloud    |       |       |     2 |    27 ||    29
 Abil: Blink             |       |       |     1 |     1 ||     2
  Use: Scroll            |     4 |     5 |    10 |    18 ||    37
       Potion            |       |     1 |     1 |       ||     2
 Stab: Sleeping          |     4 |     1 |     5 |     1 ||    11
       Invisible         |       |     1 |     1 |    12 ||    14
       Confused          |       |       |       |    14 ||    14
  Eat: Ration            |     1 |     2 |     5 |     6 ||    14
Armor: Ring mail         |    16 |    42 |       |       ||    58
       Robe              |       |     2 |       |       ||     2
       Leather armour    |       |       |    76 |    69 ||   145
       Troll leather arm |       |       |       |    95 ||    95
Dodge: Dodged            |    41 |    74 |   201 |   438 ||   754
       Rpst.: Falchion   |       |       |       |    95 ||    95
